 Dungeon Crawl Stone Soup version 0.22-a0-231-g75390ab (webtiles) character file.

28 Fang the Skirmisher (level 3, -4/29 HPs)
             Began as a Demonspawn Berserker on Apr 18, 2018.
             Was a Follower of Trog.
             Slain by a worm (10 damage)
             ... on level 2 of the Dungeon.
             The game lasted 00:00:45 (1099 turns).

Fang the Skirmisher (Demonspawn Berserker)          Turns: 1099, Time: 00:00:46

Health: -4/29      AC:  2    Str: 18    XL:     3   Next: 0%
Magic:  3/3        EV: 12    Int:  8    God:    Trog [*.....]
Gold:   40         SH:  0    Dex: 12    Spells: 2/2 levels left

rFire    . . .     SeeInvis .   a - +0 hand axe
rCold    . . .     Gourm    .   (no shield)
rNeg     . . .     Faith    .   b - +0 animal skin
rPois    .         Spirit   .   (helmet restricted)
rElec    .         Reflect  .   (no cloak)
rCorr    .         Harm     .   (no gloves)
MR       .....                  (no boots)
Stlth    +.........             (no amulet)
HPRegen  0.09/turn              g - ring of flight
MPRegen  0.08/turn              (no ring)

@: no status effects
A: antennae 1, powered by death 1
a: Berserk, Burn Spellbooks, Renounce Religion, Evoke Flight


You were on level 2 of the Dungeon.
You worshipped Trog.
Trog was aware of your devotion.
You were hungry.

You visited 1 branch of the dungeon, and saw 2 of its levels.

You collected 40 gold pieces.

Inventory:

Hand Weapons
 a - a +0 hand axe (weapon)
Armour
 b - a +0 animal skin (worn)
Jewellery
 g - a ring of flight (left hand)
Scrolls
 d - a scroll of teleportation {unknown}
Potions
 e - a potion of berserk rage {unknown}
 f - a potion of restore abilities
 h - a potion of ambrosia {unknown}
 i - a potion of haste {unknown}
Comestibles
 c - 2 rations


   Skills:
 + Level 3.4 Fighting
 + Level 3.3 Axes
 + Level 1.9 Armour
 + Level 1.9 Dodging


You had 2 spell levels left.
You didn't know any spells.

Dungeon Overview and Level Annotations

Branches:
Dungeon (2/15)

Altars:


Innate Abilities, Weirdness & Mutations

You have a pair of small antennae on your head.
You regenerate a little health from kills.


Message History

The worm is heavily wounded.
The worm closely misses you.
You hit the worm.
The worm is severely wounded.
The worm bites you!
* * * LOW HITPOINT WARNING * * *
You are too injured to fight recklessly!
You are too injured to fight recklessly!
You are too injured to fight recklessly!
You are too injured to fight recklessly!
You are too injured to fight recklessly!
You are too injured to fight recklessly!
You are too injured to fight recklessly!
You are too injured to fight recklessly!
You are too injured to fight recklessly!
You are too injured to fight recklessly!
You hit the worm.
The worm is almost dead.
The worm bites you!
You die...

#...# #.##
{##.## #.≈≈.#
##.###.≈≈.#
##.#.##.≈≈.#
#.###.#.≈≈.#
#.###.#.≈≈.#
#.##.##.≈≈.#
##.#.##.≈≈.#
#.###..≈≈@#
{##.##.#.≈≈w#
#.##.##.≈≈.#
##..####≈≈##
#### ####


You could see a worm.

Vanquished Creatures
  An adder (D:2)
  A worm (D:2)
  2 dart slugs
  A ball python (D:1)
  3 bats
  A giant cockroach (D:1)
  A goblin (D:1)
  A hobgoblin (D:1)
  A kobold (D:2)
12 creatures vanquished.

Notes
Turn   | Place    | Note
-------+----------+-------------------------------------------
     0 | D:1      | Fang the Demonspawn Berserker began the quest for the Orb.
     0 | D:1      | Reached XP level 1. HP: 18/18 MP: 1/1
   496 | D:1      | Gained mutation: You have a pair of small antennae on your head. [demonic ancestry]
   496 | D:1      | Reached XP level 2. HP: 24/24 MP: 2/2
   979 | D:2      | Gained mutation: You regenerate a little health from kills. [demonic ancestry]
   979 | D:2      | Reached XP level 3. HP: 19/29 MP: 3/3
  1099 | D:2      | Slain by a worm

Vault maps used:
D:1:      eino_arrival_cavern_e
D:2:      wad_river_or_something, nicolae_overflow_crystal_walls,
          corner_web_ring

Skill      XL: |  1  2 |
---------------+-------+-----
Axes           | 3 |  3.3
Fighting       | |  3.4
Armour         | |  1.9
Dodging        | |  1.9

Action                   || total
-------------------------++-------
Melee: Hand axe          ||    57
Armor: Animal skin       ||    19
Dodge: Dodged            ||    36

Table legend:
 A = Spawn XP
 B = Non-spawn XP
 C = Spawn XP percentage of total XP
 D = Spawn monster count
 E = Non-spawn monster count
 F = Spawn count percentage of total count
 G = Total turns spent on level
                    A         B        C        D         E        F      G
               +---------+---------+-------+---------+---------+-------+---------
         Total |       0 |      41 |   0.0 |       0 |      12 |   0.0 |  1099
               +---------+---------+-------+---------+---------+-------+---------
           D:1 |       0 |      14 |   0.0 |       0 |       6 |   0.0 |   544
           D:2 |       0 |      27 |   0.0 |       0 |       6 |   0.0 |   555
               +---------+---------+-------+---------+---------+-------+---------
